[Event "42nd Olympiad Baku 2016 Open"]
[Site "Baku"]
[Date "2016.09.02"]
[Round "1.12"]
[White "Moncur, Cecil"]
[Black "Sousa, Andre Ventura"]
[Result "0-1"]
[ECO "E77"]
[WhiteElo "1869"]
[BlackElo "2379"]
[PlyCount "72"]
[EventDate "2016.??.??"]
[EventCountry "AZE"]
[WhiteTeam "Bahamas"]
[BlackTeam "Portugal"]
[WhiteTeamCountry "BAH"]
[BlackTeamCountry "POR"]
[TimeControl "40/5400+30:1800+30"]
[WhiteClock "0:32:54"]
[BlackClock "1:01:36"]

1. d4 {(00:00} Nf6 {(00:00} 2. c4 {(00:00} g6 {(
00:00} 3. Nc3 {(00:00} Bg7 {(00:00} 4. e4 {(00:00} d6
{(00:02} 5. f4 {(00:07} O-O {(00:12} 6. Nf3 {(
00:12} c5 {(00:12} 7. d5 {(00:02} b5 {(00:20} 8. cxb5
{(01:06} a6 {(00:22} 9. a4 {(00:35} axb5 {(01:
38} 10. Bxb5 {(00:23} Ba6 {(01:44} 11. Bd2 {(01:53}
Bxb5 {(00:09} 12. axb5 {(00:28} Rxa1 {(00:05} 13. Qxa1
{(00:18} Qb6 {(00:09} 14. h3 {(05:44} Nh5 {(11:
21} 15. Kf2 {(07:54} Bd4+ {(03:25} 16. Nxd4 {(00:48}
cxd4 {(00:06} 17. Ne2 {(01:30} Nf6 {(02:48} 18. Kf3 {
(02:19} Qxb5 {(00:43} 19. Nc1 {(04:58} Nbd7 {(
00:19} 20. b4 {(03:37} Rc8 {(05:22} 21. Qxd4 {(06:45}
Rc4 {(01:23} 22. Qd3 {(00:16} Nxe4 {(00:41} 23. Re1 {
(01:05} Ndf6 {(02:20} 24. g4 {(10:08} Nxd2+ {(
03:13} 25. Qxd2 {(00:25} Nxd5 {(00:13} 26. Ne2 {(06:20]
} Rxb4 {(01:23} 27. Nd4 {(04:06} Qa4 {(02:29} 28. Ne2 {
(02:03} Rb3+ {(01:33} 29. Kf2 {(01:41} Qa7+ {(
01:46} 30. Nd4 {(00:42} Rb4 {(00:34} 31. Re4 {(03:34}
e5 {(01:09} 32. fxe5 {(04:22} dxe5 {(00:06} 33. Qe1 {
(00:24} Rxd4 34. Kg3 {(00:36} Rxe4 {(00:23} 35. Qxe4 {
(00:14} Qg1+ {(00:09} 36. Kh4 {(00:31} Qf2+ {(
00:05} 0-1

[Event "42nd Olympiad Baku 2016 Open"]
[Site "Baku"]
[Date "2016.09.02"]
[Round "1.4"]
[White "Morris, Charles F"]
[Black "Getz, Nicolai"]
[Result "1/2-1/2"]
[ECO "A14"]
[WhiteElo "2127"]
[BlackElo "2445"]
[PlyCount "101"]
[EventDate "2016.??.??"]
[EventCountry "AZE"]
[WhiteTeam "Wales"]
[BlackTeam "Norwegen"]
[WhiteTeamCountry "WLS"]
[BlackTeamCountry "NOR"]
[TimeControl "40/5400+30:1800+30"]
[WhiteClock "0:16:35"]
[BlackClock "0:13:00"]

1. c4 {(00:00} Nf6 {(00:00} 2. g3 {(00:00} e6 {(
00:00} 3. Bg2 {(00:00} d5 {(00:02} 4. Nf3 {(00:05} Be7
{(00:36} 5. O-O {(00:06} O-O {(00:22} 6. b3 {(
00:07} c5 {(00:28} 7. Bb2 {(00:08} d4 {(01:34} 8. e3 {
(00:19} Nc6 {(00:17} 9. exd4 {(00:09} cxd4 {(00:
11} 10. Re1 {(00:08} Ne8 {(00:41} 11. Ne5 {(13:36}
Nxe5 {(00:27} 12. Rxe5 {(00:04} f6 {(01:51} 13. Re4 {
(02:12} e5 {(01:05} 14. Qh5 {(04:51} g6 {(07:32]
} 15. Qh6 {(06:09} Rf7 {(01:17} 16. d3 {(08:47} Ng7 {
(12:19} 17. Qd2 {(03:25} Bd7 {(16:11} 18. Na3 {(
08:27} Bc6 {(00:30} 19. Re2 {(00:04} Bxg2 {(09:51} 20.
Kxg2 {(00:05} Qb6 {(00:30} 21. Nc2 {(01:50} Ne6 {
(01:46} 22. f3 {(02:30} a5 {(03:59} 23. Ba3 {(
05:57} Qc6 {(08:08} 24. Bxe7 {(12:59} Rxe7 {(00:05}
25. Rae1 {(00:30} g5 {(02:03} 26. Rf2 {(01:32} Rg7 {
(10:25} 27. Qe2 {(04:51} g4 {(01:16} 28. Qe4 {(
07:27} gxf3+ {(00:19} 29. Qxf3 {(00:05} Qxf3+ {(02:54}
30. Rxf3 {(02:39} Rf7 {(01:30} 31. b4 {(06:59} axb4 {
(01:08} 32. Nxb4 {(00:04} Nc5 {(01:52} 33. Re2 {
(00:23} Kg7 {(00:53} 34. g4 {(06:12} Ra3 {(05:
16} 35. Ref2 {(01:41} e4 {(07:24} 36. dxe4 {(00:14}
Ra4 {(00:06} 37. Rb2 {(01:18} Nxe4 {(00:44} 38. Rf4 {
(00:41} Nc3 {(02:20} 39. Rxd4 {(00:17} Re7 {(00:
46} 40. Rd3 {(00:00} Ne4 {(00:00} 41. Re3 {(04:13} Re6
{(11:04} 42. Rbe2 {(03:02} Rxb4 {(00:54} 43. Rxe4 {
(00:04} Rxe4 {(03:31} 44. Rxe4 {(00:04} Kf7 {(
01:27} 45. Kf3 {(00:30} Ra4 {(00:11} 46. c5 {(02:28}
Rxa2 {(00:27} 47. Rb4 {(00:05} Rxh2 {(00:24} 48. Rxb7+
{(00:06} Ke6 {(00:51} 49. Ke4 {(06:39} h5 {(03:
16} 50. Rh7 {(04:23} Rh4 {(01:17} 51. Rxh5 1/2-1/2

[Event "42nd Olympiad Baku 2016 Open"]
[Site "Baku"]
[Date "2016.09.02"]
[Round "1.19"]
[White "Mosutha, Thuso"]
[Black "Maghsoodloo, Parham"]
[Result "0-1"]
[ECO "B42"]
[WhiteElo "1930"]
[BlackElo "2566"]
[PlyCount "86"]
[EventDate "2016.??.??"]
[EventCountry "AZE"]
[WhiteTeam "Botswana"]
[BlackTeam "Iran"]
[WhiteTeamCountry "BOT"]
[BlackTeamCountry "IRI"]
[TimeControl "40/5400+30:1800+30"]
[WhiteClock "0:33:11"]
[BlackClock "1:09:35"]

1. e4 {(01:26} c5 {(00:00} 2. Nf3 {(00:34} e6 {(
00:07} 3. d4 {(00:39} cxd4 {(00:09} 4. Nxd4 {(00:09}
a6 {(00:04} 5. Bd3 {(00:10} Bc5 {(00:44} 6. Nb3 {
(01:01} Be7 {(00:15} 7. Nc3 {(00:13} Nc6 {(01:
28} 8. O-O {(00:44} Nf6 {(00:20} 9. Re1 {(00:22} d6 {
(00:35} 10. a4 {(02:09} O-O {(05:50} 11. a5 {(
06:38} e5 {(02:51} 12. Bc4 {(04:07} Be6 {(00:25} 13.
Bxe6 {(04:18} fxe6 {(02:22} 14. Be3 {(00:21} Qe8 {
(05:25} 15. Bb6 {(13:46} Qf7 {(02:30} 16. Qe2 {(
03:25} Rac8 {(04:22} 17. Rad1 {(02:01} d5 {(01:25} 18.
f4 {(11:02} exf4 {(07:11} 19. exd5 {(01:06} exd5 {
(00:15} 20. Nd4 {(06:30} Bb4 {(04:54} 21. Qe6 {(
08:26} Nxa5 {(10:24} 22. Qxf7+ {(09:42} Rxf7 {(01:15}
23. Ne6 {(02:09} Nc4 {(01:17} 24. Bd4 {(02:22} Nxb2 {
(00:27} 25. Rb1 {(00:40} Bxc3 {(00:23} 26. Bxc3 {
(00:10} Rxc3 {(00:05} 27. Rxb2 {(00:07} Re7 {(
02:10} 28. Kf1 {(03:36} Ne4 {(03:09} 29. Nd4 {(03:39}
Kf7 {(03:39} 30. Rd1 {(03:12} Rc4 {(01:58} 31. Ne2 {
(01:31} Nf6 {(00:08} 32. Rdb1 {(03:15} b5 {(00:
26} 33. Ra1 {(00:26} Ng4 {(00:13} 34. Rxa6 {(01:28}
Nxh2+ {(01:22} 35. Kf2 {(00:47} Ng4+ {(00:13} 36. Kf1 {
(00:16} Ne3+ {(00:07} 37. Kg1 {(00:29} Nxg2 {(
00:38} 38. Kxg2 {(00:43} Rxe2+ {(00:07} 39. Kf3 {(00:
20} Re3+ {(00:23} 40. Kf2 {(00:00} b4 {(00:00} 41. Rb6
{(00:56} g5 {(02:10} 42. Ra2 {(01:50} Ra3 {(00:
01} 43. Rb2 {(01:34} Rac3 {(00:08} 0-1

[Event "42nd Olympiad Baku 2016 Open"]
[Site "Baku"]
[Date "2016.09.02"]
[Round "1.34"]
[White "Mueller, Leonhard"]
[Black "Rombaldoni, Axel"]
[Result "0-1"]
[ECO "E11"]
[WhiteElo "2204"]
[BlackElo "2567"]
[PlyCount "70"]
[EventDate "2016.??.??"]
[EventCountry "AZE"]
[WhiteTeam "Namibien"]
[BlackTeam "Italien"]
[WhiteTeamCountry "NAM"]
[BlackTeamCountry "ITA"]
[TimeControl "40/5400+30:1800+30"]
[WhiteClock "0:00:52"]
[BlackClock "0:10:46"]

1. d4 {(00:00} Nf6 2. c4 e6 {(00:35} 3. Nf3 {(00:00}
Bb4+ {(00:46} 4. Nbd2 {(00:28} O-O {(00:26} 5. a3 {
(01:19} Be7 6. e4 d6 {(00:56} 7. Bd3 {(03:50} Nbd7 {
(05:07} 8. O-O {(01:01} e5 {(00:45} 9. d5 {(06:
53} a5 {(01:48} 10. b3 {(00:40} Nc5 {(09:47} 11. Bc2 {
(00:30} c6 {(01:16} 12. Rb1 {(02:09} cxd5 {(00:
40} 13. cxd5 {(02:06} Bd7 {(01:14} 14. b4 {(18:00}
axb4 {(00:39} 15. axb4 {(00:09} Na4 {(00:41} 16. Rb3 {
(10:59} Bb5 {(21:39} 17. Re1 {(04:54} Qc7 {(01:
17} 18. Nb1 {(02:27} Rfc8 {(03:35} 19. Na3 {(09:29}
Bd7 {(06:08} 20. Bd2 {(04:53} Bd8 {(05:33} 21. Bd3 Nb2
{(04:12} 22. Rxb2 {(03:47} Rxa3 {(00:04} 23. Rb3 {
(05:29} Ba4 {(07:14} 24. Rxa3 {(02:36} Bxd1 {(
00:02} 25. Rxd1 {(00:09} Qd7 {(00:40} 26. h3 {(08:22}
Bb6 {(00:11} 27. Be1 {(01:01} Nh5 {(04:14} 28. Nd2 {
(04:47} g6 {(02:22} 29. Kh2 {(01:34} f5 {(02:42]
} 30. f3 {(00:24} Nf4 {(02:44} 31. Bf1 {(01:37} Rc2 {
(01:02} 32. Kh1 {(04:01} Qc7 {(06:09} 33. Raa1 {
(00:50} Kg7 {(01:22} 34. g3 {(00:13} Qc3 {(00:
42} 35. Nc4 {(02:01} Qxf3+ {(00:12} 0-1

[Event "42nd Olympiad Baku 2016 Open"]
[Site "Baku"]
[Date "2016.09.02"]
[Round "1.24"]
[White "Muhammed, Shuaau"]
[Black "Ashiku, Franc"]
[Result "0-1"]
[ECO "C72"]
[WhiteElo "1692"]
[BlackElo "2322"]
[PlyCount "64"]
[EventDate "2016.??.??"]
[EventCountry "AZE"]
[WhiteTeam "Malediven"]
[BlackTeam "Albanien"]
[WhiteTeamCountry "MDV"]
[BlackTeamCountry "ALB"]
[TimeControl "40/5400+30:1800+30"]
[WhiteClock "0:14:28"]
[BlackClock "0:26:06"]

1. e4 {(00:00} e5 {(01:18} 2. Nf3 {(00:00} Nc6 {
(00:05} 3. Bb5 {(00:00} a6 {(00:06} 4. Ba4 {(00:
00} d6 {(01:07} 5. O-O {(01:58} Bd7 {(01:35} 6. c3 {
(02:51} g6 {(00:05} 7. d4 {(02:49} Bg7 {(00:09}
8. d5 {(03:45} Nce7 {(00:05} 9. Bxd7+ {(00:16} Qxd7 {
(00:06} 10. c4 {(00:33} h6 {(00:06} 11. Nc3 {(
00:09} f5 {(00:06} 12. b4 {(02:43} Nf6 {(00:07} 13.
Nd2 {(05:15} O-O {(00:14} 14. a4 {(01:20} f4 {(
03:28} 15. Ba3 {(03:07} g5 {(00:59} 16. c5 {(00:57} g4
{(04:41} 17. f3 {(00:49} Ng6 {(00:19} 18. b5 {(
05:13} Kh7 {(09:05} 19. Qe2 {(08:10} dxc5 {(02:52} 20.
Bxc5 {(00:20} Rg8 {(00:06} 21. bxa6 {(09:30} bxa6 {
(08:09} 22. Rab1 {(00:50} Bf8 {(03:14} 23. Bxf8 {
(05:29} Raxf8 {(00:57} 24. Qxa6 {(03:00} Nh4 {(
00:33} 25. Rf2 {(08:34} Rg6 {(13:46} 26. Qe2 {(08:52}
Rfg8 {(00:08} 27. Rb7 {(01:08} Qc8 {(07:47} 28. Ra7 {
(01:13} R8g7 {(08:26} 29. Nb5 {(02:01} Qb8 {(05:
12} 30. Ra6 {(05:18} Qg8 {(01:16} 31. Rc6 {(02:37}
gxf3 {(02:25} 32. Nxf3 {(02:45} Rxg2+ {(01:22} 0-1

[Event "42nd Olympiad Baku 2016 Open"]
[Site "Baku"]
[Date "2016.09.02"]
[Round "1.16"]
[White "Mushore, Emarald Takudzwa"]
[Black "Safarli, Eltaj"]
[Result "0-1"]
[ECO "C72"]
[WhiteElo "2187"]
[BlackElo "2688"]
[PlyCount "62"]
[EventDate "2016.??.??"]
[EventCountry "AZE"]
[WhiteTeam "Simbabwe"]
[BlackTeam "Aserbeidschan"]
[WhiteTeamCountry "ZIM"]
[BlackTeamCountry "AZE"]
[TimeControl "40/5400+30:1800+30"]
[WhiteClock "0:00:32"]
[BlackClock "0:38:41"]

1. e4 {(00:00} e5 {(00:00} 2. Nf3 {(00:00} Nc6 {
(00:00} 3. Bb5 {(00:07} a6 {(00:00} 4. Ba4 {(00:
07} d6 {(00:00} 5. O-O {(00:40} Bd7 {(04:08} 6. c3 {
(00:28} g6 {(00:05} 7. d4 {(00:14} Bg7 {(00:11}
8. Be3 {(03:13} Nf6 {(00:51} 9. Nbd2 {(00:55} O-O {
(02:50} 10. d5 {(02:12} Ne7 {(00:33} 11. h3 {(
00:56} h6 {(01:02} 12. Bxd7 {(04:32} Nxd7 {(02:20} 13.
Nh2 {(02:15} f5 {(04:07} 14. f3 {(00:26} g5 {(
09:05} 15. c4 {(09:32} c5 {(04:48} 16. Qe2 {(11:04}
Nf6 {(01:54} 17. Rab1 {(14:43} Nh5 {(01:52} 18. Qe1 {
(07:19} Nf4 {(02:42} 19. exf5 {(05:45} Nxf5 {(
00:42} 20. Ne4 {(00:24} Qd7 {(04:48} 21. Qd2 {(04:52}
a5 {(02:50} 22. Bf2 {(04:18} b5 {(04:33} 23. Rfc1 {
(09:18} bxc4 {(04:55} 24. Rxc4 {(00:16} Nd4 {(
00:43} 25. h4 {(06:30} gxh4 {(02:20} 26. Bxh4 {(00:31}
Nxd5 {(00:32} 27. Ng4 {(02:58} Qe6 {(02:29} 28. b3 {
(02:39} Nf4 {(02:36} 29. Bf2 {(05:36} h5 {(02:
10} 30. Nh2 {(02:13} d5 {(00:31} 31. Bxd4 {(00:55}
cxd4 {(01:12} 0-1

[Event "42nd Olympiad Baku 2016 Open"]
[Site "Baku"]
[Date "2016.09.02"]
[Round "1.30"]
[White "Mwanyika, Geoffrey"]
[Black "Efimov, Igor"]
[Result "0-1"]
[ECO "A02"]
[WhiteElo "1850"]
[BlackElo "2374"]
[PlyCount "56"]
[EventDate "2016.??.??"]
[EventCountry "AZE"]
[WhiteTeam "Tansania"]
[BlackTeam "Monaco"]
[WhiteTeamCountry "TAN"]
[BlackTeamCountry "MNC"]
[TimeControl "40/5400+30:1800+30"]
[WhiteClock "0:01:30"]
[BlackClock "0:09:31"]

1. f4 {(00:00} d6 {(00:51} 2. Nf3 {(01:32} g6 {(
08:54} 3. e3 {(01:21} Bg7 {(00:04} 4. Be2 {(01:25} e5
{(02:28} 5. O-O {(06:46} Nd7 {(12:52} 6. fxe5 {(
06:39} dxe5 {(02:34} 7. d4 {(07:14} e4 {(15:37} 8.
Nfd2 {(06:55} f5 {(00:00} 9. Nb3 {(03:18} Nh6 {(
05:36} 10. Bc4 {(06:15} Nb6 {(03:03} 11. Qe2 {(07:32}
Qd6 {(01:54} 12. c3 {(09:41} Ng4 {(01:16} 13. g3 {
(01:40} h5 {(00:13} 14. Na5 {(10:55} h4 {(00:38]
} 15. Qg2 {(01:34} hxg3 {(00:38} 16. Qxg3 {(06:16} Nxh2
{(03:52} 17. Qxd6 {(02:28} cxd6 {(07:26} 18. Rf2 {
(04:34} Nf3+ {(02:29} 19. Kg2 {(00:11} Nxc4 {(
02:30} 20. Nxc4 {(00:20} Ke7 {(02:29} 21. Nba3 {(05:20]
} Be6 {(11:02} 22. Nd2 {(01:09} Ne1+ {(03:45} 23. Kg3 {
(00:51} Rh1 {(00:43} 24. Rf1 {(01:54} Rah8 {(00:
16} 25. Rxh1 {(00:19} Rxh1 {(00:08} 26. c4 {(03:22}
Bf6 {(01:40} 27. Nxe4 Bh4+ {(01:03} 28. Kf4 {(02:59}
Rf1+ {(00:28} 0-1

[Event "42nd Olympiad Baku 2016 Open"]
[Site "Baku"]
[Date "2016.09.02"]
[Round "1.2"]
[White "Myint Han"]
[Black "Pantsulaia, Levan"]
[Result "0-1"]
[ECO "B20"]
[WhiteElo "2289"]
[BlackElo "2601"]
[PlyCount "86"]
[EventDate "2016.??.??"]
[EventCountry "AZE"]
[WhiteTeam "Myanmar"]
[BlackTeam "Georgien"]
[WhiteTeamCountry "MYA"]
[BlackTeamCountry "GEO"]
[TimeControl "40/5400+30:1800+30"]
[WhiteClock "0:56:33"]
[BlackClock "1:01:32"]

1. e4 {(00:00} c5 {(00:00} 2. a3 {(00:00} e6 {(
01:18} 3. b4 {(00:41} cxb4 {(01:47} 4. axb4 {(00:15}
Bxb4 {(00:05} 5. Bb2 {(00:06} Nf6 {(00:40} 6. e5 {
(00:11} Nd5 {(00:21} 7. Ra3 {(00:15} Bxa3 {(09:
10} 8. Bxa3 {(00:19} Nc6 {(00:08} 9. Nf3 {(00:38} f5 {
(05:21} 10. h4 {(06:15} Nde7 {(05:19} 11. Nc3 {(
00:42} O-O {(00:25} 12. h5 {(01:07} h6 {(07:06} 13.
Bd6 {(02:50} b6 {(03:33} 14. d4 {(01:46} Bb7 {(
02:22} 15. Nb5 {(03:58} a6 {(12:29} 16. Nc7 {(07:28}
Ra7 {(01:24} 17. d5 {(00:13} Na5 {(00:05} 18. c4 {
(00:15} Bc8 {(00:57} 19. Bb4 {(07:27} Nac6 {(07:
18} 20. dxc6 {(01:09} Rxc7 {(00:14} 21. Bd6 {(09:42}
dxc6 {(03:17} 22. Bxc7 {(00:41} Qxc7 {(00:07} 23. Qd6 {
(00:06} Qd7 {(00:50} 24. Rh4 {(01:31} Rd8 {(01:
28} 25. Rd4 {(00:21} c5 {(00:07} 26. Rd2 {(02:01} Nc6
{(02:00} 27. Qxc6 {(05:05} Qxc6 {(00:05} 28. Rxd8+ {
(00:13} Kf7 {(00:12} 29. Bd3 {(00:40} Bd7 {(02:
51} 30. Kd2 {(00:53} Qc7 {(01:50} 31. Rh8 {(00:16} Be8
{(00:28} 32. Nh4 {(00:26} Ke7 {(00:11} 33. f4 {(
01:04} Bxh5 {(00:15} 34. Ra8 {(11:32} g5 {(00:36} 35.
Nf3 {(04:05} Bxf3 {(04:32} 36. gxf3 {(00:18} gxf4 {
(00:09} 37. Rxa6 {(00:21} Qxe5 {(00:08} 38. Rxb6 {
(00:18} Qe3+ {(00:10} 39. Kc2 {(00:06} Qxf3 {(
00:08} 40. Rb5 {(00:00} h5 {(00:00} 41. Rb8 {(09:01}
h4 {(00:17} 42. Rh8 {(00:26} h3 {(00:06} 43. Kd2 {
(00:16} Qg2+ {(00:09} 0-1

[Event "42nd Olympiad Baku 2016 Open"]
[Site "Baku"]
[Date "2016.09.02"]
[Round "1.8"]
[White "Mziyako, Sobhi"]
[Black "Klaasen, Calvin Jong"]
[Result "0-1"]
[ECO "B44"]
[WhiteElo "1447"]
[BlackElo "2177"]
[PlyCount "50"]
[EventDate "2016.??.??"]
[EventCountry "AZE"]
[WhiteTeam "SWZ"]
[BlackTeam "Südafrika"]
[BlackTeamCountry "RSA"]
[TimeControl "40/5400+30:1800+30"]
[WhiteClock "1:05:28"]
[BlackClock "0:59:40"]

1. e4 {(00:00} c5 {(00:00} 2. Nf3 {(00:03} Nc6 {
(00:00} 3. d4 {(00:57} cxd4 {(00:00} 4. Nxd4 {(
00:34} e6 {(00:00} 5. Be3 {(01:43} Nf6 {(01:28} 6. f3
{(00:54} a6 {(02:57} 7. a3 {(01:18} Be7 {(02:48]
} 8. Nc3 {(00:44} Qc7 {(00:41} 9. Be2 {(00:54} b5 {
(01:21} 10. b4 {(02:07} Bb7 {(09:09} 11. Qd2 {(
01:36} Rc8 {(02:30} 12. Rc1 {(07:23} Nxd4 {(00:55} 13.
Bxd4 {(03:54} e5 {(02:17} 14. Nd1 {(01:14} exd4 {
(00:17} 15. Qxd4 {(00:19} O-O {(01:02} 16. Ne3 {
(01:13} Qc3+ {(03:20} 17. Qxc3 {(00:29} Rxc3 {(
00:09} 18. Bd3 {(01:34} Rfc8 {(00:51} 19. Ra1 {(00:40}
g6 {(02:27} 20. Ke2 {(01:37} Nh5 {(03:34} 21. g3 {
(00:21} Ng7 {(00:29} 22. Nd1 {(01:22} R3c7 {(00:
22} 23. Rc1 {(04:23} Ne6 {(05:27} 24. Rf1 {(00:47}
Nd4+ {(00:31} 25. Kd2 {(00:56} Nb3+ {(00:15} 0-1

[Event "42nd Olympiad Baku 2016 Open"]
[Site "Baku"]
[Date "2016.09.02"]
[Round "1.15"]
[White "Naiditsch, Arkadij"]
[Black "Masango, Spencer"]
[Result "1-0"]
[ECO "C49"]
[WhiteElo "2696"]
[BlackElo "2200"]
[PlyCount "79"]
[EventDate "2016.??.??"]
[EventCountry "AZE"]
[WhiteTeam "Aserbeidschan"]
[BlackTeam "Simbabwe"]
[WhiteTeamCountry "AZE"]
[BlackTeamCountry "ZIM"]
[TimeControl "40/5400+30:1800+30"]
[WhiteClock "0:48:42"]
[BlackClock "0:00:48"]

1. e4 {(00:00} e5 {(00:00} 2. Nf3 {(00:00} Nc6 {
(00:00} 3. Bb5 {(00:00} Nf6 {(00:11} 4. Nc3 {(
00:04} Bb4 {(00:30} 5. O-O {(00:11} O-O {(00:34} 6. d3
{(00:06} d6 {(01:26} 7. Bg5 {(00:09} Bxc3 {(01:
31} 8. bxc3 {(00:17} Ne7 {(00:16} 9. Nh4 {(05:16} Ng6
{(05:17} 10. Nxg6 {(00:10} fxg6 {(01:19} 11. Bc4+ {
(01:50} Kh8 {(00:19} 12. f4 {(00:40} Qe8 {(02:
07} 13. fxe5 {(10:33} Qxe5 {(05:20} 14. Qd2 {(09:41}
Bd7 {(04:13} 15. Bb3 {(06:22} Rae8 {(08:53} 16. Rf3 {
(06:14} Be6 {(08:11} 17. Raf1 {(08:42} Bxb3 {(
01:00} 18. cxb3 {(00:31} Nd7 {(00:26} 19. Bf4 {(09:40}
Qe6 {(04:51} 20. Qf2 {(03:28} b6 {(03:02} 21. Qd4 {
(00:20} Re7 {(06:05} 22. Qa4 {(03:52} a5 {(12:
27} 23. Qc6 {(00:14} Nf6 {(00:40} 24. Be3 {(02:42} Qd7
{(06:53} 25. Qb7 {(02:23} Kg8 {(03:44} 26. Bd4 {
(02:00} c5 {(02:58} 27. Qd5+ {(01:14} Qe6 {(02:
10} 28. Bxf6 {(00:14} gxf6 {(01:01} 29. Rxf6 {(01:38}
Rxf6 {(00:10} 30. Rxf6 {(00:07} Qxd5 {(01:40} 31. exd5
{(00:06} Re3 {(02:16} 32. Rxd6 {(00:49} Rxd3 {(
00:21} 33. c4 {(02:02} a4 {(06:07} 34. Rxb6 {(00:53}
Rd1+ {(00:54} 35. Kf2 {(00:07} Rd2+ {(00:13} 36. Ke3 {
(04:33} Rxg2 {(01:06} 37. b4 {(03:15} cxb4 {(02:
16} 38. c5 {(00:12} Rxa2 {(05:30} 39. c6 {(00:14} Rc2
{(02:45} 40. d6 {(00:00} 1-0

[Event "42nd Olympiad Baku 2016 Open"]
[Site "Baku"]
[Date "2016.09.02"]
[Round "1.5"]
[White "Nakamura, Hikaru"]
[Black "Aloma Vidal, Robert"]
[Result "1-0"]
[ECO "A46"]
[WhiteElo "2789"]
[BlackElo "2482"]
[PlyCount "91"]
[EventDate "2016.??.??"]
[EventCountry "AZE"]
[WhiteTeam "Vereinigte Staaten"]
[BlackTeam "Andorra"]
[WhiteTeamCountry "USA"]
[BlackTeamCountry "AND"]
[TimeControl "40/5400+30:1800+30"]
[WhiteClock "1:00:48"]
[BlackClock "0:31:59"]

1. d4 {(00:00} Nf6 {(00:00} 2. Nf3 {(00:00} e6 {
(01:06} 3. g3 {(00:00} b5 {(07:03} 4. Bg5 {(01:
50} Bb7 {(08:22} 5. Nbd2 {(00:05} c5 {(05:41} 6. e4 {
(00:04} cxd4 {(05:47} 7. Bxb5 {(03:19} Bb4 {(18:
34} 8. a3 {(08:19} Bxd2+ {(01:35} 9. Nxd2 {(04:45} h6
{(02:11} 10. Bxf6 {(02:00} Qxf6 {(00:44} 11. O-O {
(00:05} O-O {(00:49} 12. Qe2 {(01:01} Nc6 {(03:
36} 13. Nb3 {(03:09} Rab8 {(05:42} 14. Rad1 {(06:57}
d3 {(11:01} 15. cxd3 {(08:41} Nd4 {(18:30} 16. Nxd4 {
(00:51} Qxd4 {(00:02} 17. b4 {(08:11} d5 {(01:
11} 18. e5 {(03:08} a6 {(02:10} 19. Ba4 {(00:16} a5 {
(01:16} 20. Rb1 {(00:05} Ba6 {(01:16} 21. b5 {(
00:04} Qxa4 {(00:41} 22. bxa6 {(00:05} Qxa3 {(01:29}
23. d4 {(00:42} Qc3 {(01:48} 24. a7 {(09:55} Ra8 {
(00:37} 25. Rb7 {(00:07} Qxd4 {(00:41} 26. Qe3 {
(00:03} Qc4 {(00:26} 27. Qb6 {(01:23} d4 {(00:
39} 28. Rd7 {(04:48} Qb4 {(00:26} 29. Qxb4 {(00:47}
axb4 {(00:02} 30. Rb1 {(00:08} d3 {(00:59} 31. Rxb4 {
(00:09} Kh7 {(00:31} 32. Rbb7 {(04:55} Kg6 {(00:
21} 33. Rxd3 {(00:07} Rfc8 {(00:36} 34. Rdd7 {(00:06}
Rf8 {(00:16} 35. Rbc7 {(00:19} h5 {(00:09} 36. h4 {
(00:13} Rae8 {(00:46} 37. Rb7 {(00:17} Ra8 {(00:
29} 38. Kf1 {(00:52} Rac8 {(00:23} 39. Ke2 {(00:12}
Ra8 {(00:41} 40. Kd3 {(00:00} Rac8 {(00:00} 41. Rbc7 {
(02:55} Ra8 {(01:01} 42. Kc4 {(00:07} Rae8 {(00:
12} 43. Kb5 {(00:08} Ra8 {(00:05} 44. Ka6 {(00:15}
Rae8 {(00:31} 45. Kb7 {(00:15} Ra8 {(00:06} 46. f3 {
(00:34} 1-0

[Event "42nd Olympiad Baku 2016 Open"]
[Site "Baku"]
[Date "2016.09.02"]
[Round "1.34"]
[White "Nanjo, Ryosuke"]
[Black "Almasi, Zoltan"]
[Result "1/2-1/2"]
[ECO "C41"]
[WhiteElo "2340"]
[BlackElo "2684"]
[PlyCount "68"]
[EventDate "2016.??.??"]
[EventCountry "AZE"]
[WhiteTeam "Japan"]
[BlackTeam "Ungarn"]
[WhiteTeamCountry "JPN"]
[BlackTeamCountry "HUN"]
[TimeControl "40/5400+30:1800+30"]
[WhiteClock "0:06:37"]
[BlackClock "0:05:08"]

1. e4 {(00:00} d6 {(00:00} 2. d4 {(00:00} Nf6 {(
00:15} 3. Nc3 {(00:00} e5 {(00:38} 4. Nf3 {(00:00}
Nbd7 {(02:27} 5. Bc4 {(00:07} Be7 {(01:25} 6. O-O {
(00:15} c6 {(04:09} 7. a4 {(01:59} Qc7 {(01:40}
8. h3 {(05:17} O-O {(06:32} 9. Re1 {(06:08} h6 {
(11:12} 10. Ba2 {(11:50} Re8 {(01:47} 11. d5 {(
08:43} Bf8 {(16:11} 12. Be3 {(10:54} cxd5 {(10:37} 13.
Nxd5 {(00:31} Nxd5 {(00:04} 14. Bxd5 {(00:12} Nf6 {
(00:15} 15. c4 {(02:27} Nxd5 {(01:40} 16. cxd5 {
(00:09} f5 {(00:15} 17. exf5 {(07:42} Bxf5 {(03:
58} 18. Nd2 {(02:36} Qf7 {(01:01} 19. Qb3 {(01:11}
Rec8 {(07:38} 20. Rec1 {(01:47} b6 {(02:25} 21. Rc3 {
(03:15} Rd8 {(15:22} 22. a5 {(08:29} bxa5 {(05:
48} 23. Rxa5 {(00:21} Rdb8 {(00:01} 24. Qa3 {(08:56}
Rb7 {(00:05} 25. Rb3 {(04:05} Rc7 {(00:44} 26. Rc3 {
(01:20} Rb7 {(00:03} 27. Rb3 {(00:42} Rd7 {(02:
34} 28. Rc3 {(06:21} Rb7 {(01:54} 29. Rb3 {(01:04} Rc8
{(00:00} 30. Rc3 {(00:59} Rcb8 {(00:17} 31. Bxa7 {
(01:20} Ra8 {(00:04} 32. Bb6 {(01:23} Rab8 {(00:
03} 33. Ba7 {(00:14} Ra8 {(00:05} 34. Bb6 {(00:06}
Rab8 {(00:43} 1/2-1/2